 Dungeon Crawl Stone Soup version 0.29.0-11-gd7f09526c8 (webtiles) character file.

Game seed: 6341456723110779359

163 Flugkiller the Chopper (level 5, -3/47 HPs)
             Began as a Minotaur Fighter on Sept 4, 2022.
             Slain by a sky beast (6 damage)
             ... on level 3 of the Dungeon.
             The game lasted 00:01:03 (2288 turns).

Flugkiller the Chopper (Minotaur Fighter)           Turns: 2288, Time: 00:01:04

Health: -3/47      AC:  8    Str: 21    XL:     5   Next: 20%
Magic:  4/4        EV:  9    Int:  5    God:
Gold:   125        SH:  4    Dex: 11    Spells: 4/4 levels left

rFire   . . .      SeeInvis .   a - +0 war axe
rCold   . . .      Faith    .   c - +0 buckler
rNeg    . . .      Spirit   .   b - +0 scale mail
rPois   .          Reflect  .   (helmet restricted)
rElec   .          Harm     .   t - +0 cloak
rCorr   .          Rampage  .   (no gloves)
Will    .....                   (no boots)
Stlth   ..........              (no amulet)
HPRegen 0.15/turn               (no ring)
MPRegen 0.09/turn               (no ring)

@: mighty
A: horns 2, retaliatory headbutt
a: no special abilities


You were on level 3 of the Dungeon.
You visited 1 branch of the dungeon, and saw 3 of its levels.

You collected 125 gold pieces.

Inventory:

Hand Weapons
 a - a +0 war axe (weapon)
Armour
 b - a +0 scale mail (worn)
 c - a +0 buckler (worn)
 t - a +0 cloak (worn)
   (You found it on level 3 of the Dungeon)
Jewellery
 r - a ring of flight
   (You found it on level 2 of the Dungeon)
Scrolls
 e - 3 scrolls of noise {unknown}
 g - 2 scrolls of teleportation {unknown}
 i - a scroll of enchant weapon {unknown}
 j - a scroll of acquirement {unknown}
 n - a scroll of poison {unknown}
 o - 2 scrolls of immolation {unknown}
 p - a scroll of identify {unknown}
 u - a scroll of magic mapping {unknown}
Potions
 f - a potion of lignification {unknown}
 h - 3 potions of curing {unknown}
 k - 2 potions of berserk rage {unknown}
 l - 2 potions of brilliance {unknown}
 m - a potion of flight {unknown}
 q - a potion of resistance {unknown}
 s - 2 potions of ambrosia {unknown}
 v - a potion of degeneration {unknown}


   Skills:
 + Level 4.7 Fighting
 * Level 4.9 Axes
 + Level 4.7 Armour
 - Level 3.6 Shields


You had 4 spell levels left.
You didn't know any spells.
Your spell library was empty.

Dungeon Overview and Level Annotations

Branches:
Dungeon (3/15)

Altars:
Xom
Zin

Shops:
D:2 (


Innate Abilities, Weirdness & Mutations

You have a pair of horns on your head.
You reflexively headbutt those who attack you in melee.


Message History

Found a ring mail.
You see here a +0 short sword.
You see here an adder skeleton.
Items here: )) [[.
Items here: )) [[.
s - 2 murky golden potions No target in view!
No target in view!
No target in view!
No target in view!
No target in view!
Done exploring.
Done exploring.
(D) Dungeon
Where to? (Enter - D:2, ? - help)
You see here a staff of earth.
There is a stone staircase leading down here.
You climb downwards.
Found a cloak.
There is a stone staircase leading up here.
Found a stone staircase leading up.
You now have 125 gold pieces (gained 10).
Found a stone.
An endoplasm comes into view.
Found a stone staircase leading down.
The endoplasm quivers.
The endoplasm jiggles.
Found a scroll labelled COTWIFONTO.
You slash the endoplasm!
You kill the endoplasm!
No target in view!
No target in view!
No target in view!
No target in view!
No target in view!
No target in view!
No target in view!
You see here a +0 cloak.
t - a +0 cloak You start putting on your armour.
You continue putting on your +0 cloak. x4
You finish putting on your +0 cloak.
Found an escape hatch in the ceiling.
Found a leather armour.
u - a scroll labelled COTWIFONTO You see here a staff of poison.
No target in view!
No target in view!
v - a viscous cyan potion You see here a staff of poison.
Found a stone staircase leading down.
A sky beast comes into view.
A sky beast is nearby!
A sky beast is nearby!
Found a scroll labelled HOEZUI CYCY.
You block the sky beast's attack.
You hit the sky beast but do no damage. Your headbutt misses the sky beast.
The sky beast barely misses you.
You slash the sky beast! Your headbutt misses the sky beast.
The sky beast is moderately wounded.
The sky beast closely misses you.
The sky beast flickers out of sight!
Deactivating autopickup; reactivate with Ctrl-A.
Something hits you but does no damage.
No target in view!
You closely miss something.
A bat comes into view.
Something hits you but does no damage.
The bat moves out of view.
No target in view!
Something hits you. Something shocks you.
A sky beast appears from thin air!
Reactivating autopickup.
You feel very mighty all of a sudden.
The sky beast flickers out of sight!
Deactivating autopickup; reactivate with Ctrl-A.
Something hits you. Something shocks you.
You miss something. Something hits you but does no damage.
You slash something! Your headbutt misses something. Something hits you.
Something shocks you.
A sky beast appears from thin air!
Reactivating autopickup.
The sky beast hits you but does no damage.
You barely miss the sky beast.
The sky beast is heavily wounded.
The sky beast flickers out of sight!
Deactivating autopickup; reactivate with Ctrl-A.
Something hits you but does no damage.
You closely miss something. Something hits you. Something shocks you.
You closely miss something. Something hits you but does no damage.
You closely miss something.
Something hits you but does no damage. x2
You slash something! Something hits you but does no damage.
You miss something. Something hits you but does no damage.
You barely miss something. Something hits you. Something shocks you.
* * * LOW HITPOINT WARNING * * *
Something hits you but does no damage.
You barely miss something. Your headbutt misses something.
Something hits you but does no damage.
You miss something. Something hits you.
* * * LOW HITPOINT WARNING * * *
Something shocks you.
* * * LOW HITPOINT WARNING * * *
You barely miss something.
Something hits you but does no damage. x2
You closely miss something. Your headbutt misses something. Something hits you.
* * * LOW HITPOINT WARNING * * *
Something shocks you.
You die...

#.#
##.#......#...........##
#.#
#......................#
#.#
........##............#
#.#
#."....##.<..........#
#.##......###........[.##
....>.....# ##...#....##
..###.....# #.###.####
#.##.{####.#...#
...##..@..#.#.###
...........#|..######
#?.#.###.#...#.......#
#### #.##....#.....#
#.##..........#
...##..###....# ... ####
#....# ... ######


There were no monsters in sight!

Vanquished Creatures
  An orc priest (D:2)
  An orc wizard (D:2)
  4 adders
  3 worms (D:2)
  A dart slug (D:2)
  3 orcs (D:2)
  4 ball pythons
  5 bats
  3 endoplasms
  3 giant cockroaches (D:1)
  5 goblins
  5 hobgoblins
  4 jackals (D:1)
  5 quokkas
  2 frilled lizards
  4 kobolds
  2 rats (D:1)
55 creatures vanquished.

Notes
Turn   | Place    | Note
-------+----------+-------------------------------------------
     0 | D:1      | Flugkiller the Minotaur Fighter began the quest for the
                  | Orb.
     0 | D:1      | Reached XP level 1. HP: 19/19 MP: 0/0
   218 | D:1      | Reached XP level 2. HP: 27/27 MP: 1/1
   636 | D:1      | Reached XP level 3. HP: 33/33 MP: 2/2
  1228 | D:2      | Reached XP level 4. HP: 29/40 MP: 3/3
  1235 | D:2      | You fall into a shaft and drop 1 floor!
  1370 | D:3      | Found a shimmering altar of Xom.
  1431 | D:2      | Found Pudwuink's Antique Weapon Shop.
  1681 | D:2      | Identified the +2 robe "Oqioclu" {rC+ Will+ Str+4}
  1754 | D:2      | Found a glowing silver altar of Zin.
  1786 | D:2      | Reached XP level 5. HP: 47/47 MP: 4/4
  1787 | D:2      | Found a faded altar of an unknown god.
  2265 | D:3      | Noticed a sky beast
  2288 | D:3      | Slain by a sky beast

Illustrated notes

Levels and vault maps discovered:
D:1:      dpeg_arrival_oval, layout_loops_corners, minmay_circled_x
D:2:      layout_loops_ring, shapermc_ecumenical_altar_rom_forum, basic_altar,
          serial_shops, shop
D:3:      layout_rooms, xom_teletrap_fun, nicolae_uskayaw_en_pointe

Skill      XL: |  1  2  3 |
---------------+----------+-----
Axes           | 3 4 |  4.9
Armour         | 4 |  4.7
Fighting       | 4 |  4.7
Shields        | |  3.6

Action                   |  1- 3 |  4- 6 || total
-------------------------+-------+-------++-------
Melee: War axe           |    60 |    72 ||   132
       Headbutt          |     9 |     7 ||    16
  Use: Potion            |       |     1 ||     1
Armor: Scale mail        |    30 |    33 ||    63
Dodge: Dodged            |    23 |    31 ||    54
Block: Buckler           |    15 |    13 ||    28
